 Dungeon Sprint DCSS version 0.27-a0-277-g024f7ef292 (webtiles) character file.

Game seed: 11568795837120709055

48344 mhtbhm the Executioner (level 14, -11/149 HPs)
             Began as a Minotaur Fighter on Feb 7, 2021.
             Was a High Priest of Trog.
             Killed from afar by a Hell Sentinel (35 damage)
             ... with damnation
             ... summoned by Dispater
             ... in the Dungeon (Sprint VII: "The Pits").
             The game lasted 00:11:11 (5180 turns).

mhtbhm the Executioner (Minotaur Fighter)           Turns: 5180, Time: 00:11:12

Health: -11/149    AC: 19    Str: 30    XL:     14   Next: 11%
Magic:  13/13      EV: 15    Int:  5    God:    Trog [*****.]
Gold:   18         SH: 16    Dex:  6    Spells: 13/13 levels left

rFire    . . .     SeeInvis +   a - +7 hand axe "Tobri" {vorpal, +Blink rN+ Str+4 Dex-4}
rCold    . . .     Faith    .   c - +0 kite shield
rNeg     + . .     Spirit   .   b - +4 chain mail
rPois    +         Reflect  .   (helmet restricted)
rElec    .         Harm     .   (no cloak)
rCorr    .         Rampage  .   (no gloves)
Will     +++..     NoTele   +   (no boots)
Stlth    ..........             C - amulet of Muacsasa {RegenMP Slay+2 SInv Stlth+}
HPRegen  1.34/turn              n - +3 ring of evasion
MPRegen  0.38/turn              w - ring of poison resistance

@: berserk cooldown, regenerating (expiring)
A: retaliatory headbutt, horns 2
a: Renounce Religion, Evoke Blink, Berserk, Trog's Hand, Brothers in Arms


You were in the Dungeon.
You worshipped Trog.
Trog was extremely pleased with you.
You visited 1 branch You collected 18 gold pieces.

Inventory:

Hand Weapons
 a - the +7 hand axe "Tobri" (weapon) {vorpal, +Blink rN+ Str+4 Dex-4}
   (Trog gifted it to you in the Dungeon)

   It inflicts extra damage upon your enemies.
   It affects your strength (+4).
   It affects your dexterity (-4).
   It protects you from negative energy.
   It lets you blink.
 d - a +0 great sword of flaming
 s - a +4 antimagic executioner's axe
 D - the +11 hunting sling of the Bespelling Seer {freeze, rF+ MP+9}
   (You took it off a spriggan in the Dungeon)

   It causes projectiles fired from it to freeze those they strike, causing
   extra injury to most foes and up to half again as much damage against
   particularly susceptible opponents.
   They can also slow down cold-blooded creatures.
   It protects you from fire.
   It affects your magic capacity (+9).
Missiles
 r - 7 curare-tipped darts
 t - 18 silver javelins (quivered)
Armour
 b - a +4 chain mail (worn)
 c - a +0 kite shield (worn)
Jewellery
 n - a +3 ring of evasion (left hand)
 v - an uncursed ring of protection from fire
 w - a ring of poison resistance (right hand)
 C - the amulet of Muacsasa (around neck) {RegenMP Slay+2 SInv Stlth+}
   (You found it in the Dungeon)

   [amulet of magic regeneration]

   It increases your magic regeneration.
   It affects your accuracy and damage with ranged weapons and melee attacks
   (+2).
   It lets you see invisible.
   It makes you more stealthy.
Scrolls
 l - 5 scrolls of remove curse
 m - a scroll of summoning
 y - a scroll of identify
 A - 6 scrolls of enchant armour
 B - 4 scrolls of enchant weapon
Potions
 e - 9 potions of curing
 f - a potion of heal wounds
 g - 4 potions of haste
 h - 4 potions of magic
 i - 4 potions of berserk rage
 k - 2 potions of invisibility
 p - 3 potions of mutation
 u - a potion of cancellation
 z - a potion of resistance
Miscellaneous
 o - a condenser vane (inert)


   Skills:
 + Level 20.7 Fighting
 + Level 22.9 Axes
 + Level 19.6 Armour
 + Level 9.5 Dodging
 + Level 3.7 Stealth
 + Level 21.3 Shields
 + Level 5.9 Evocations


You had 13 spell levels left.
You didn't know any spells.
Your spell library was empty.

Dungeon Overview and Level Annotations

Branches:
Dungeon (1/1)

Altars:
Cheibriados
Dithmenos
Elyvilon
Fedhas
Gozag
Hepliaklqana
Makhleb
Nemelex Xobeh
Okawaru
Qazlal
Ru
Sif Muna
Trog
Vehumet
Wu Jian
Xom
Yredelemnul
Zin
The Shining One
Beogh
Jiyva
Lugonu

Annotations:
D Dispater


Innate Abilities, Weirdness & Mutations

You reflexively headbutt those who attack you in melee.
You have a pair of horns on your head.


Message History

The Hell Sentinel hits you!
* * * LOW HITPOINT WARNING * * *
You block the Hell Sentinel's attack.
Unknown command.
Unknown command.
Throw: 19 javelins (silver)
Press: ? - help, Q - select action, (/) - cycle Shift-Dir - straight line, f/p - Dispater
Aim: Dispater, wielding the +4 staff of Dispater (poison gas, severely wounded, 88% to hit)
You throw a silver javelin.
The silver javelin pierces through the Hell Sentinel.
The Hell Sentinel is lightly wounded.
The silver javelin pierces through the Hell Sentinel but does no damage.
The Hell Sentinel is lightly wounded.
The silver javelin pierces through the Hell Sentinel but does no damage.
The Hell Sentinel is lightly wounded.
The silver javelin pierces through Dispater but does no damage.
Dispater is severely wounded.
The Hell Sentinel gestures at you.
The sphere of damnation explodes!
The damnation engulfs you!!
You die...

,*****,***,**++..)#
** *** *****##☼##
***************#○#
,,,,,*,,,,,,,,*#)#
,,,,,*,,,,,,,,*#&#
+*****++*++****#1#
,,,,,,,,,,,,,,*#1#
,,,,,,,,*,,,,,*#1#
,,*,,*,,,,,*,,*#@#
,,,,,,,,*,,,,,*#.#
,,,,,,,,,,,,,,*#)#
+*****++*++****#)#
,,,,,*,,,,,,,,*#'#
,,,,,*,,,,,,,,*#.#
***************#'#
################'#
................)#


You could see Dispater and 3 Hell Sentinels.

Vanquished Creatures
  An orb of fire (D)
  A pandemonium lord (D)
  A Brimstone Fiend (D)
  A Tzitzimitl (D)
  A deep elf blademaster (D)
  A quicksilver dragon (D)
  A fire giant (D)
  An orc warlord (D)
  A frost giant (D)
  A ghost moth (D)
  A ghoul (D)
  A balrug (D)
  A vampire knight (D)
  A yellow draconian (D)
  An eidolon (D)
  An ettin (D)
  A merfolk javelineer (D)
  A merfolk impaler (D)
  A death yak (D)
  Sonja (D)
  A hell knight (D)
  A shadow wraith (D)
  A flayed ghost (D)
  A deep troll (D)
  2 bog bodies (D)
  A lindwurm (D)
  A phantasmal warrior (D)
  2 manticores (D)
  A black mamba (D)
  A smoke demon (D)
  A rime drake (D)
  A freezing wraith (D)
  2 ice devils (D)
  A demonic crawler (D)
  3 trolls (D)
  5 merfolk (D)
  A hornet (D)
  2 snapping turtles (D)
  2 ynoxinuls (D)
  A yak (shapeshifter) (D)
  4 vampire mosquitoes (D)
  A large abomination (D)
  3 wargs (D)
  2 acid dragons (D)
  A water moccasin (D)
  2 floating eyes (D)
  An orc warrior (D)
  2 necrophages (D)
  A sky beast (D)
  An eye of draining (D)
  A phantom (D)
  A bullfrog (D)
  8 killer bees (D)
  2 crimson imps (D)
  An orc priest (D)
  A worker ant (D)
  2 orc wizards (D)
  A hell rat (D)
  2 gnolls (D)
  An adder (D)
  A river rat (D)
  A white imp (D)
  2 ufetubi (D)
  An ooze (D)
  A worm (D)
  A leopard gecko (D)
  5 orcs (D)
  A bat skeleton (D)
  A giant cockroach (D)
  2 jackals (D)
  A ball python zombie (D)
  A bat (D)
  3 frilled lizards (D)
110 creatures vanquished.

Vanquished Creatures (collateral kills)
  A minotaur (D)
  A purple draconian (D)
  An eidolon (D)
  A boulder beetle (D)
  A deep elf zephyrmancer (D)
  An ice devil (D)
  A spriggan (D)
  A giant cockroach zombie (D)
8 creatures vanquished.

Vanquished Creatures (others)
  A fire giant (D)
1 creature vanquished.

Grand Total: 119 creatures vanquished

Notes
Turn   | Place    | Note
-------+----------+-------------------------------------------
     0 | D        | mhtbhm the Minotaur Fighter began the quest for the Orb.
     0 | D        | Reached XP level 1. HP: 19/19 MP: 0/0
    18 | D        | Found a bloodstained altar of Trog.
    18 | D        | Found a shimmering blue altar of Sif Muna.
    18 | D        | Found a viscous altar of Jiyva.
    18 | D        | Found a hazy altar of Hepliaklqana.
    18 | D        | Found an opulent altar of Gozag.
    19 | D        | Found a glowing golden altar of the Shining One.
    19 | D        | Found a glowing silver altar of Zin.
    19 | D        | Found a basalt altar of Yredelemnul.
    19 | D        | Found a shimmering altar of Xom.
    19 | D        | Found an ornate altar of the Wu Jian Council.
    19 | D        | Found a sacrificial altar of Ru.
    19 | D        | Found a stormy altar of Qazlal.
    19 | D        | Found an iron altar of Okawaru.
    19 | D        | Found a sparkling altar of Nemelex Xobeh.
    19 | D        | Found a burning altar of Makhleb.
    19 | D        | Found a blossoming altar of Fedhas.
    19 | D        | Found a white marble altar of Elyvilon.
    19 | D        | Found a shadowy altar of Dithmenos.
    19 | D        | Found a snail-covered altar of Cheibriados.
    21 | D        | Found a radiant altar of Vehumet.
    21 | D        | Found a corrupted altar of Lugonu.
    21 | D        | Found a roughly hewn altar of Beogh.
    23 | D        | Became a worshipper of Trog the Wrathful
    67 | D        | Reached skill level 3 in Axes
    67 | D        | Reached XP level 2. HP: 17/28 MP: 1/1
    70 | D        | Reached skill level 5 in Fighting
    70 | D        | Reached skill level 5 in Armour
   193 | D        | Reached * piety under Trog
   194 | D        | Reached skill level 5 in Shields
   197 | D        | Reached XP level 3. HP: 28/36 MP: 2/2
   301 | D        | Reached ** piety under Trog
   371 | D        | Noticed a floating eye
   372 | D        | Noticed a phantom
   376 | D        | Reached skill level 4 in Axes
   376 | D        | Reached XP level 4. HP: 45/45 MP: 3/3
   378 | D        | Killed a floating eye
   378 | D        | Reached *** piety under Trog
   379 | D        | Reached skill level 6 in Axes
   379 | D        | Reached skill level 1 in Dodging
   379 | D        | Reached XP level 5. HP: 52/52 MP: 4/4
   380 | D        | Killed a phantom
   381 | D        | Reached skill level 7 in Axes
   383 | D        | Reached **** piety under Trog
   384 | D        | Reached skill level 8 in Axes
   384 | D        | Reached XP level 6. HP: 62/62 MP: 5/5
   394 | D        | Noticed a water moccasin
   399 | D        | Killed a water moccasin
   400 | D        | Reached skill level 9 in Axes
   449 | D        | Noticed an ice devil
   466 | D        | Killed an ice devil
   467 | D        | Reached skill level 10 in Axes
   467 | D        | Reached skill level 10 in Shields
   467 | D        | Reached XP level 7. HP: 37/71 MP: 6/6
   682 | D        | Reached skill level 10 in Armour
   687 | D        | Reached skill level 10 in Fighting
   689 | D        | Reached ***** piety under Trog
   690 | D        | Reached skill level 11 in Axes
   763 | D        | Noticed a smoke demon
   763 | D        | Noticed a yak
   769 | D        | Killed a yak
   770 | D        | Reached XP level 8. HP: 80/80 MP: 7/7
   773 | D        | Killed a smoke demon
   774 | D        | Reached skill level 12 in Axes
   895 | D        | Noticed a rime drake
   895 | D        | Noticed a hornet
   901 | D        | Killed a hornet
   902 | D        | Reached skill level 13 in Axes
   903 | D        | Killed a rime drake
   963 | D        | Noticed an orc warlord
   963 | D        | Noticed a troll
   968 | D        | Received a gift from Trog
   969 | D        | Reached skill level 14 in Axes
   969 | D        | Reached XP level 9. HP: 89/89 MP: 8/8
   975 | D        | Reached ****** piety under Trog
   978 | D        | Killed an orc warlord
   979 | D        | Reached skill level 16 in Axes
   981 | D        | Killed a troll
   981 | D        | Received a gift from Trog
  1028 | D        | Noticed Sonja
  1048 | D        | Killed Sonja
  1049 | D        | Reached skill level 17 in Axes
  1049 | D        | Reached XP level 10. HP: 43/99 MP: 9/9
  1279 | D        | Noticed an eidolon
  1279 | D        | Noticed a black mamba
  1287 | D        | Killed a black mamba
  1290 | D        | Killed an eidolon
  1291 | D        | Reached skill level 18 in Axes
  1501 | D        | Noticed a merfolk impaler
  1517 | D        | Killed a merfolk impaler
  1517 | D        | Received a gift from Trog
  1518 | D        | Reached skill level 5 in Dodging
  1522 | D        | Reached skill level 19 in Axes
  1723 | D        | Noticed a death yak
  1734 | D        | Killed a death yak
  1735 | D        | Reached XP level 11. HP: 108/108 MP: 10/10
  1737 | D        | Received a gift from Trog
  1800 | D        | Killed a shadow wraith
  1806 | D        | Noticed a bog body
  1821 | D        | Killed a bog body
  1821 | D        | Received a gift from Trog
  1825 | D        | Got an ichor-stained hand axe {god gift}
  1826 | D        | Identified the +8 hand axe of Existentialism {vorpal, rN+}
                  | (Trog gifted it to you in the Dungeon)
  1879 | D        | Noticed a phantasmal warrior
  1891 | D        | Killed a phantasmal warrior
  1892 | D        | Reached skill level 20 in Axes
  1907 | D        | Reached skill level 15 in Shields
  2047 | D        | Noticed a deep troll
  2059 | D        | Killed a deep troll
  2065 | D        | Reached skill level 15 in Fighting
  2065 | D        | Received a gift from Trog
  2354 | D        | Reached skill level 1 in Stealth
  2494 | D        | Noticed a merfolk javelineer
  2496 | D        | Noticed a lindwurm
  2500 | D        | Killed a ghost moth
  2512 | D        | Killed a merfolk javelineer
  2513 | D        | Received a gift from Trog
  2515 | D        | Killed a lindwurm
  2846 | D        | Noticed a minotaur
  2847 | D        | Noticed a boulder beetle
  2848 | D        | Paralysed by a floating eye for 4 turns
  2849 | D        | Noticed a flayed ghost
  2856 | D        | Received a gift from Trog
  2859 | D        | Reached XP level 12. HP: 108/123 MP: 11/11
  2864 | D        | Reached skill level 21 in Axes
  2893 | D        | Killed a minotaur
  2894 | D        | Reached skill level 15 in Armour
  2894 | D        | Killed a boulder beetle
  2894 | D        | Received a gift from Trog
  3431 | D        | Noticed a vampire knight
  3431 | D        | Noticed a frost giant
  3431 | D        | Noticed an eidolon
  3431 | D        | Noticed a purple draconian
  3431 | D        | Noticed a yellow draconian
  3432 | D        | Identified the +11 hunting sling of the Bespelling Seer
                  | {freeze, rF+ MP+9}
  3436 | D        | Killed an eidolon
  3448 | D        | Killed a frost giant
  3448 | D        | Received a gift from Trog
  3449 | D        | Reached skill level 1 in Evocations
  3453 | D        | Killed a vampire knight
  3455 | D        | Killed a purple draconian
  3459 | D        | Killed a yellow draconian
  3466 | D        | Got the amulet of Muacsasa {RegenMP Slay+2 SInv Stlth+}
  3839 | D        | Noticed a Tzitzimitl
  3850 | D        | Killed a Tzitzimitl
  3850 | D        | Received a gift from Trog
  3877 | D        | Got a warped hand axe {god gift}
  3878 | D        | Identified the +7 hand axe "Tobri" {vorpal, +Blink rN+
                  | Str+4 Dex-4} (Trog gifted it to you in the Dungeon)
  3931 | D        | Noticed a balrug
  3938 | D        | Killed a balrug
  4107 | D        | Noticed a Brimstone Fiend
  4116 | D        | Killed a Brimstone Fiend
  4117 | D        | Reached skill level 22 in Axes
  4117 | D        | Reached XP level 13. HP: 101/136 MP: 12/12
  4322 | D        | Noticed Emaps the pandemonium lord
  4377 | D        | Killed Emaps the pandemonium lord
  4396 | D        | Noticed a fire giant
  4402 | D        | Killed a fire giant
  4687 | D        | Noticed a ghoul
  4687 | D        | Noticed a fire giant
  4687 | D        | Noticed an orb of fire
  4687 | D        | Noticed a deep elf blademaster
  4687 | D        | Noticed an ettin
  4687 | D        | Noticed a quicksilver dragon
  4710 | D        | Killed an ettin
  4710 | D        | Received a gift from Trog
  4714 | D        | Killed a quicksilver dragon
  4715 | D        | Killed an orb of fire
  4716 | D        | Reached skill level 5 in Evocations
  4718 | D        | Killed a fire giant
  4723 | D        | Killed a deep elf blademaster
  4724 | D        | Reached XP level 14. HP: 61/149 MP: 13/13
  4729 | D        | Received a gift from Trog
  4731 | D        | Killed a ghoul
  5115 | D        | Found the +4 staff of Dispater
  5115 | D        | Noticed Dispater
  5153 | D        | Noticed a Hell Sentinel
  5169 | D        | Noticed a Hell Sentinel
  5170 | D        | Noticed a Hell Sentinel
  5177 | D        | Noticed a Hell Sentinel
  5180 | D        | Killed from afar by a Hell Sentinel

Illustrated notes

Levels and vault maps discovered:
D:        pitsprint [storerooms_1, entrance_room_1, metal_vault_5, armoury_3,
          mini_pit_1, grid_room_1, main_hall_1, silver_pit, the_coven_3,
          the_vestibule_1, steel_vault_4, golden_pit, hallway_of_sentries,
          crystal_vault_2, iron_vault_2, final_vault]

Skill      XL: |  1  2  3  4  5  6  7  8  9 10 11 12 13 |
---------------+----------------------------------------+-----
Fighting       | 4 5 6 7 8 9 10 11 12 13 16 18 20 | 20.7
Armour         | 4 5 6 7 8 9 10 11 12 14 17 19 | 19.6
Shields        | 4 5 6 7 8 10 12 13 14 16 19 21 | 21.3
Axes           | 3 4 6 8 10 11 14 17 19 20 22 | 22.9
Dodging        | 1 2 3 4 5 6 8 9 |  9.5
Stealth        | 1 2 3 |  3.7
Evocations     | 2 5 |  5.9

Action                   |  1- 3 |  4- 6 |  7- 9 | 10-12 | 13-15 || total
-------------------------+-------+-------+-------+-------+-------++-------
Melee: Hand axe          |    25 |    25 |    20 |   162 |    96 ||   328
       War axe           |     2 |       |       |       |       ||     2
       Headbutt          |     1 |     5 |    12 |    50 |    21 ||    89
       Broad axe         |       |       |    38 |    77 |       ||   115
Throw: Javelin           |       |       |       |       |    14 ||    14
Invok: Berserk           |     1 |     1 |     4 |    11 |     4 ||    21
       Brothers in Arms  |       |       |     1 |     2 |     3 ||     6
       Trog's Hand       |       |       |       |       |     3 ||     3
Evoke: Wand              |       |       |       |     3 |     4 ||     7
       Condenser vane    |       |       |       |       |     4 ||     4
  Use: Potion            |       |     1 |     1 |       |    13 ||    15
       Scroll            |       |       |       |     1 |     3 ||     4
 Stab: Confused          |       |       |       |       |     1 ||     1
Armor: Scale mail        |    16 |       |       |       |       ||    16
       Chain mail        |     1 |     9 |    22 |    62 |    10 ||   104
Dodge: Dodged            |     7 |     6 |    26 |    75 |    17 ||   131
Block: Kite shield       |    13 |     9 |    40 |   127 |    42 ||   231

Table legend: (Time is in decaauts)
 A = Elapsed time spent in this place.
 B = Non-inter-level travel time spent in this place.
 C = Inter-level travel time spent in this place.
 D = Time resting spent in this place.
 E = Time spent auto-exploring this place.
 F = Levels seen in this place.
 G = Mean time per level.
                   A        B        C        D        E       F      G
               +--------+--------+--------+--------+--------+-----+--------+
         Total |   5262 |   5262 |      0 |   3841 |     31 |   1 | 5262.0 |
       Dungeon |   5262 |   5262 |      0 |   3841 |     31 |   1 | 5262.0 |
               +--------+--------+--------+--------+--------+-----+--------+

Top non-repeatable levels by time:
       D: 5262 daAuts
